 Dungeon Crawl Stone Soup version 0.29.0-4-gdea44cf6ec (webtiles) character file.

Game seed: 1861261325076804066

4945 qw the Grappler (level 10, -10/96 HPs)
             Began as a Troll Cinder Acolyte on Sept 3, 2022.
             Was a Priest of Ignis.
             Mangled by a hell hog (14 damage)
             ... on level 2 of the Abyss.
             The game lasted 00:03:52 (7426 turns).

qw the Grappler (Troll Cinder Acolyte)              Turns: 7426, Time: 00:03:52

Health: -10/96     AC: 14    Str: 28      XL:     10   Next: 28%
Magic:  8/8        EV:  9    Int:  9 (10) God:    Ignis [***...]
Gold:   204        SH:  0    Dex:  5      Spells: 11/11 levels left

rFire   + . .      SeeInvis .     - Unarmed
rCold   + . .      Faith    .   (no shield)
rNeg    . . .      Spirit   .   i - +0 steam dragon scales
rPois   .          Reflect  .   (helmet restricted)
rElec   .          Harm     .   (no cloak)
rCorr   .          Rampage  .   (gloves unavailable)
Will    .....                   (boots unavailable)
Stlth   +.........              l - amulet of regeneration
HPRegen 1.86/turn               o - +4 ring of slaying {mikee}
MPRegen 0.11/turn               a - ring of protection from cold

@: about to teleport, fiery-armoured
A: large, unfitting armour, claws 3, regeneration 1, shaggy fur 1, tough skin 1,
deterioration 1, [low MP 2], [subdued magic 2]
a: Renounce Religion, Fiery Armour, Foxfire Swarm, Rising Flame


You were on level 2 of the Abyss.
You worshipped Ignis.
Ignis was most pleased with you.
You visited 1 branch of the dungeon, and saw 9 of its levels.
You visited the Abyss 1 time.

You collected 518 gold pieces.
You spent 314 gold pieces at shops.


Innate Abilities, Weirdness & Mutations

You are too large for most types of armour.
You have claws for hands.
Your natural rate of healing is unusually fast.
You are covered in fur. (AC +1)
You have tough skin. (AC +1)
Your body sometimes deteriorates upon taking damage.
[Your magical capacity is very low. (-20% MP)]
[Your spells are easier to cast, but less powerful.]


   Skills:
 - Level 5.0 Fighting
 - Level 2.4 Throwing
 - Level 1.1 Armour
 - Level 1.2 Dodging
 + Level 13.8 Unarmed Combat
 - Level 1.0 Spellcasting
 - Level 2.1 Fire Magic


You had 11 spell levels left.
You didn't know any spells.
Your spell library contained the following spells:

 Spells                   Type           Power      Damage    Failure   Level
 Scorch                   Fire           4%         2d5       16%         2

Inventory:

Missiles
 b - 5 boomerangs (quivered)
Armour
 i - +0 steam dragon scales (worn)
 q - a +0 cloak
 r - a +2 cloak
 s - a +0 troll leather armour
Jewellery
 a - a ring of protection from cold (right claw)
 l - an amulet of regeneration (around neck)
 o - a +4 ring of slaying (left claw) {mikee}
 Y - a ring of willpower
Scrolls
 d - a scroll of identify
 t - a scroll of immolation {unknown}
Potions
 c - a potion of might
 e - 2 potions of mutation
 f - a potion of resistance {unknown}
 g - a potion of brilliance {unknown}
 h - a potion of flight {unknown}
 j - a potion of magic {unknown}
 k - 3 potions of heal wounds
 m - 4 potions of curing
 p - a potion of berserk rage {unknown}

Dungeon Overview and Level Annotations

Branches:
Dungeon (9/15)             Temple (0/1) D:4
   Lair: D:8-11         Orc: D:9-12

Altars:
Cheibriados
Elyvilon
Fedhas
Gozag
Hepliaklqana
Makhleb
Nemelex Xobeh
Qazlal
Trog
Xom
Zin
The Shining One

Shops:
D:2 (   D:4 [   D:7 [   D:9 *


Message History

The hell hog bites you!
Your body deteriorates!
You feel dopey.
The hell hog completely resists.
7422 ||| INVOKING Fiery Armour.
Your cloak of flame flares fiercely!
The hell hog bites you.
The hell hog completely resists.
You barely miss the hell hog. You claw the hell hog!
The hell hog is moderately wounded.
The hell hog bites you but does no damage.
The hell hog completely resists.
The hell hog breathes fire at you.
The fireball explodes!
The fireball engulfs you! You resist.
The fireball engulfs the hell hog.
The hell hog completely resists.
You closely miss the hell hog.
The hell hog is moderately wounded.
The hell hog bites you but does no damage.
The hell hog completely resists.
The hell hog breathes fire at you.
The fireball explodes!
The fireball engulfs you! You resist.
The fireball engulfs the hell hog.
The hell hog completely resists.
The fireball engulfs the hell hog.
The hell hog completely resists.
The hell hog bites you!
The hell hog completely resists.
7425 ||| READING scroll of teleportation.
As you read the scroll of teleportation, it crumbles to dust.
You feel strangely unstable.
You feel the power of the Abyss delaying your translocation!
The hell hog bites you.
The hell hog completely resists.
The hell hog bites you.
The hell hog completely resists.
The wretched star pulses with an eldritch light!
You feel less energetic. x2; Your connection to magic feels subdued.
Your connection to magic feels more subdued.
The hell hog bites you.
The hell hog completely resists.
7426 ||| DRINKING 4 potions of heal wounds.
You feel much better. The hell hog breathes fire at you.
The fireball explodes!
The fireball engulfs you! You resist.
The fireball engulfs the hell hog.
The hell hog completely resists.
The fireball engulfs the hell hog.
The hell hog completely resists.
The hell hog bites you but does no damage.
The hell hog completely resists.
The hell hog bites you!
You die...

.### #* #.#.##. .# .
....... #...#. ~....
......# .....# #..
..###..#h# .
.#.#.hh..#
####.#@...#
#..*...#.#....
#.........# . #
#####.##......#
...#.
.#.#....##....# .
#..#....##.#...##..#
. ..
###....##..##.#.#
...#.##......# #...
##. #..#.. # ...#..#


You could see a wretched star and 3 hell hogs.

Vanquished Creatures
  A hell hog (Abyss:2)
  An ice devil (Abyss:2)
  A troll (D:9)
  2 shadows
  2 steam dragons
  4 water moccasins
  4 orc warriors
  3 ice beasts
  A sky beast (D:6)
  A black bear (D:8)
  2 centaurs
  2 phantoms
  A kobold brigand (D:8)
  2 bullfrogs
  2 necrophages
  4 scorpions
  3 wights (D:8)
  2 killer bees (D:9)
  5 howler monkeys
  4 hounds
  A jelly (D:5)
  5 orc priests
  A gnoll bouda (D:8)
  3 iguanas
  Jessica (D:2)
  4 orc wizards
  Robin (D:2)
  7 gnolls
  7 adders
  A shadow imp (D:7)
  An ufetubus (D:6)
  2 worms (D:3)
  4 dart slugs
  30 orcs
  4 ball pythons
  6 bats
  5 endoplasms
  4 giant cockroaches
  5 goblins
  10 hobgoblins
  11 jackals
  9 kobolds
  A quokka (D:2)
  2 frilled lizards
  4 rats
176 creatures vanquished.

Vanquished Creatures (others)
  A plant (D:7)
1 creature vanquished.

Grand Total: 177 creatures vanquished

Notes
Turn   | Place    | Note
-------+----------+-------------------------------------------
     0 | D:1      | qw the Troll Cinder Acolyte began the quest for the Orb.
     0 | D:1      | Reached XP level 1. HP: 22/22 MP: 1/1
     0 | D:1      | 0 ||| qw: Version: 0.1-a-100-g36b9a1f
     0 | D:1      | 0 ||| qw: Game counter: 5047
     0 | D:1      | 0 ||| qw: Always use a shield: true
     0 | D:1      | 0 ||| qw: God list: Okawaru
     0 | D:1      | 0 ||| qw: Allow faded altars: false
     0 | D:1      | 0 ||| qw: Do Orc after D:15 true
     0 | D:1      | 0 ||| qw: Do second Lair branch before Depths: true
     0 | D:1      | 0 ||| qw: Lair rune preference: random
     0 | D:1      | 0 ||| qw: Plans: Normal
     0 | D:1      | 0 ||| PLANNING D:1-11
    62 | D:1      | Reached XP level 2. HP: 29/29 MP: 2/2
   349 | D:1      | Reached skill level 4 in Unarmed Combat
   604 | D:1      | 604 ||| READING scroll labelled QUIHIROPIU.
   705 | D:1      | 705 ||| READING scroll labelled VUIREIBUIQ.
   706 | D:1      | 706 ||| READING scroll labelled QADGHU SIOC.
   709 | D:1      | 709 ||| READING scroll labelled CAANOUTETI.
   732 | D:2      | Noticed Jessica
   735 | D:2      | Killed Jessica
   736 | D:2      | Reached XP level 3. HP: 34/36 MP: 3/3
   749 | D:2      | 749 ||| Stepping ~*~*~tactically~*~*~ (stealth).
   751 | D:2      | 751 ||| Stepping ~*~*~tactically~*~*~ (stealth).
   752 | D:2      | 752 ||| Stepping ~*~*~tactically~*~*~ (stealth).
   804 | D:2      | Found a faded altar of an unknown god.
   994 | D:2      | Reached XP level 4. HP: 43/44 MP: 4/4
  1038 | D:2      | Found Zerowkoi's Antique Weapon Boutique.
  1166 | D:2      | Identified the +2 helmet of the Dungeon {rF+}
  1166 | D:2      | Noticed Robin
  1167 | D:2      | 1167 ||| Stepping ~*~*~tactically~*~*~ (hiding).
  1170 | D:2      | Reached skill level 5 in Unarmed Combat
  1177 | D:2      | Killed Robin
  1179 | D:2      | 1179 ||| Stepping ~*~*~tactically~*~*~ (outnumbered).
  1398 | D:2      | 1398 ||| Stepping ~*~*~tactically~*~*~ (stealth).
  1684 | D:2      | 1684 ||| UPGRADING to ring of protection from cold.
  1685 | D:2      | 1685 ||| READING scroll labelled BYNLOL HILU.
  1686 | D:2      | 1686 ||| DRINKING 2 bubbling puce potions.
  1710 | D:2      | 1710 ||| DROPPING potion of lignification.
  1742 | D:3      | 1742 ||| Stepping ~*~*~tactically~*~*~ (stealth).
  1977 | D:3      | Found a blossoming altar of Fedhas.
  2030 | D:3      | Found a bloodstained altar of Trog.
  2362 | D:3      | 2362 ||| READING scroll labelled QAHOPPE CYDD.
  2363 | D:3      | 2363 ||| READING scroll labelled UCALORHOE.
  2364 | D:3      | 2364 ||| DRINKING 2 green potions.
  2364 | D:3      | Gained mutation: Your body sometimes deteriorates upon
                  | taking damage. [potion of mutation]
  2365 | D:3      | 2365 ||| DRINKING 2 murky white potions.
  2366 | D:3      | 2366 ||| READING 2 scrolls of identify.
  2366 | D:3      | 2366 ||| IDENTIFYING amethyst potion
  2367 | D:3      | 2367 ||| DROPPING potion of ambrosia.
  2444 | D:4      | Reached skill level 6 in Unarmed Combat
  2444 | D:4      | Reached XP level 5. HP: 47/50 MP: 5/5
  2450 | D:4      | Noticed an ice beast
  2460 | D:4      | Killed an ice beast
  2485 | D:4      | 2485 ||| Stepping ~*~*~tactically~*~*~ (stealth).
  2554 | D:4      | 2554 ||| Stepping ~*~*~tactically~*~*~ (stealth).
  2558 | D:4      | 2558 ||| Stepping ~*~*~tactically~*~*~ (stealth).
  2559 | D:4      | 2559 ||| Stepping ~*~*~tactically~*~*~ (stealth).
  2561 | D:4      | 2561 ||| Stepping ~*~*~tactically~*~*~ (stealth).
  2562 | D:4      | 2562 ||| Stepping ~*~*~tactically~*~*~ (stealth).
  2569 | D:4      | Reached XP level 6. HP: 55/59 MP: 6/6
  2604 | D:4      | Reached skill level 7 in Unarmed Combat
  2607 | D:4      | 2607 ||| Stepping ~*~*~tactically~*~*~ (stealth).
  2626 | D:4      | 2626 ||| Stepping ~*~*~tactically~*~*~ (stealth).
  2727 | D:4      | Found Epeewk's Armour Emporium.
  2968 | D:4      | Found a snail-covered altar of Cheibriados.
  3103 | D:4      | Found a shimmering altar of Xom.
  3147 | D:4      | Reached skill level 8 in Unarmed Combat
  3165 | D:4      | Found a staircase to the Ecumenical Temple.
  3328 | D:4      | 3328 ||| READING scroll labelled JEMAD FYIRIUMO.
  3329 | D:4      | 3329 ||| READING scroll labelled APPATTYDOA.
  3397 | D:5      | Entered Level 5 of the Dungeon
  3405 | D:5      | Reached skill level 3 in Fighting
  3405 | D:5      | Reached XP level 7. HP: 64/67 MP: 7/7
  3449 | D:5      | 3449 ||| INVOKING Fiery Armour.
  3453 | D:5      | 3453 ||| Stepping ~*~*~tactically~*~*~ (outnumbered).
  3454 | D:5      | 3454 ||| Stepping ~*~*~tactically~*~*~ (outnumbered).
  3455 | D:5      | 3455 ||| Stepping ~*~*~tactically~*~*~ (outnumbered).
  3456 | D:5      | 3456 ||| Stepping ~*~*~tactically~*~*~ (outnumbered).
  3457 | D:5      | 3457 ||| Stepping ~*~*~tactically~*~*~ (outnumbered).
  3462 | D:5      | 3462 ||| Stepping ~*~*~tactically~*~*~ (outnumbered).
  3464 | D:5      | 3464 ||| Stepping ~*~*~tactically~*~*~ (outnumbered).
  3465 | D:5      | 3465 ||| Stepping ~*~*~tactically~*~*~ (outnumbered).
  3466 | D:5      | 3466 ||| Stepping ~*~*~tactically~*~*~ (outnumbered).
  3467 | D:5      | 3467 ||| Stepping ~*~*~tactically~*~*~ (outnumbered).
  3468 | D:5      | 3468 ||| Stepping ~*~*~tactically~*~*~ (outnumbered).
  3582 | D:5      | Found a sparkling altar of Nemelex Xobeh.
  3783 | D:5      | 3783 ||| Stepping ~*~*~tactically~*~*~ (outnumbered).
  3784 | D:5      | 3784 ||| Stepping ~*~*~tactically~*~*~ (outnumbered).
  3785 | D:5      | 3785 ||| Stepping ~*~*~tactically~*~*~ (outnumbered).
  3786 | D:5      | 3786 ||| Stepping ~*~*~tactically~*~*~ (outnumbered).
  3787 | D:5      | 3787 ||| Stepping ~*~*~tactically~*~*~ (outnumbered).
  3788 | D:5      | 3788 ||| Stepping ~*~*~tactically~*~*~ (outnumbered).
  3789 | D:5      | 3789 ||| Stepping ~*~*~tactically~*~*~ (outnumbered).
  3790 | D:5      | 3790 ||| Stepping ~*~*~tactically~*~*~ (outnumbered).
  3791 | D:5      | 3791 ||| Stepping ~*~*~tactically~*~*~ (outnumbered).
  3793 | D:5      | 3793 ||| Stepping ~*~*~tactically~*~*~ (outnumbered).
  3794 | D:5      | 3794 ||| Stepping ~*~*~tactically~*~*~ (outnumbered).
  3796 | D:5      | 3796 ||| Stepping ~*~*~tactically~*~*~ (outnumbered).
  3798 | D:5      | 3798 ||| Stepping ~*~*~tactically~*~*~ (outnumbered).
  3799 | D:5      | 3799 ||| Stepping ~*~*~tactically~*~*~ (outnumbered).
  3801 | D:5      | 3801 ||| Stepping ~*~*~tactically~*~*~ (outnumbered).
  3802 | D:5      | 3802 ||| Stepping ~*~*~tactically~*~*~ (outnumbered).
  3803 | D:5      | 3803 ||| Stepping ~*~*~tactically~*~*~ (outnumbered).
  3804 | D:5      | 3804 ||| Stepping ~*~*~tactically~*~*~ (outnumbered).
  3805 | D:5      | 3805 ||| Stepping ~*~*~tactically~*~*~ (outnumbered).
  3806 | D:5      | 3806 ||| Stepping ~*~*~tactically~*~*~ (outnumbered).
  3807 | D:5      | 3807 ||| Stepping ~*~*~tactically~*~*~ (outnumbered).
  3808 | D:5      | 3808 ||| Stepping ~*~*~tactically~*~*~ (outnumbered).
  3809 | D:5      | 3809 ||| Stepping ~*~*~tactically~*~*~ (outnumbered).
  3810 | D:5      | 3810 ||| Stepping ~*~*~tactically~*~*~ (outnumbered).
  3811 | D:5      | 3811 ||| Stepping ~*~*~tactically~*~*~ (outnumbered).
  3812 | D:5      | 3812 ||| Stepping ~*~*~tactically~*~*~ (outnumbered).
  3813 | D:5      | 3813 ||| Stepping ~*~*~tactically~*~*~ (outnumbered).
  3814 | D:5      | 3814 ||| Stepping ~*~*~tactically~*~*~ (outnumbered).
  3815 | D:5      | 3815 ||| Stepping ~*~*~tactically~*~*~ (outnumbered).
  3816 | D:5      | 3816 ||| Stepping ~*~*~tactically~*~*~ (outnumbered).
  3817 | D:5      | 3817 ||| Stepping ~*~*~tactically~*~*~ (outnumbered).
  3818 | D:5      | 3818 ||| Stepping ~*~*~tactically~*~*~ (outnumbered).
  3819 | D:5      | 3819 ||| Stepping ~*~*~tactically~*~*~ (outnumbered).
  3820 | D:5      | 3820 ||| Stepping ~*~*~tactically~*~*~ (outnumbered).
  3821 | D:5      | 3821 ||| Stepping ~*~*~tactically~*~*~ (outnumbered).
  3825 | D:5      | 3825 ||| Stepping ~*~*~tactically~*~*~ (outnumbered).
  3826 | D:5      | 3826 ||| Stepping ~*~*~tactically~*~*~ (outnumbered).
  3827 | D:5      | 3827 ||| Stepping ~*~*~tactically~*~*~ (outnumbered).
  3851 | D:5      | Reached skill level 9 in Unarmed Combat
  3943 | D:5      | Reached skill level 1 in Throwing
  3981 | D:5      | Found a white marble altar of Elyvilon.
  4267 | D:5      | Reached skill level 1 in Dodging
  4314 | D:5      | 4314 ||| DRINKING 3 inky potions.
  4315 | D:5      | 4315 ||| DRINKING 2 fizzy dark potions.
  4316 | D:5      | 4316 ||| DROPPING 2 potions of degeneration.
  4340 | D:6      | Noticed a steam dragon
  4346 | D:6      | Reached XP level 8. HP: 64/75 MP: 8/8
  4602 | D:6      | 4602 ||| Stepping ~*~*~tactically~*~*~ (hiding).
  4613 | D:6      | 4613 ||| Stepping ~*~*~tactically~*~*~ (stealth).
  4614 | D:6      | 4614 ||| Stepping ~*~*~tactically~*~*~ (stealth).
  4616 | D:6      | Reached skill level 10 in Unarmed Combat
  4948 | D:6      | 4948 ||| UPGRADING to +0 steam dragon scales.
  4958 | D:6      | 4958 ||| DROPPING +0 robe.
  4959 | D:6      | 4959 ||| READING scroll labelled AKHUOTSOSHRE.
  4960 | D:6      | 4960 ||| READING 2 scrolls of identify.
  4960 | D:6      | 4960 ||| IDENTIFYING clear potion
  4990 | D:7      | Reached skill level 1 in Armour
  4996 | D:7      | 4996 ||| Stepping ~*~*~tactically~*~*~ (hiding).
  4999 | D:7      | 4999 ||| INVOKING Fiery Armour.
  5017 | D:7      | 5017 ||| Stepping ~*~*~tactically~*~*~ (hiding).
  5018 | D:7      | 5018 ||| Stepping ~*~*~tactically~*~*~ (hiding).
  5026 | D:7      | 5026 ||| FLEEEEING.
  5027 | D:7      | 5027 ||| FLEEEEING.
  5028 | D:7      | 5028 ||| FLEEEEING.
  5085 | D:7      | Found a glowing golden altar of the Shining One.
  5134 | D:7      | Reached XP level 9. HP: 79/85 MP: 9/9
  5173 | D:7      | 5173 ||| Stepping ~*~*~tactically~*~*~ (stealth).
  5175 | D:7      | 5175 ||| Stepping ~*~*~tactically~*~*~ (stealth).
  5176 | D:7      | 5176 ||| Stepping ~*~*~tactically~*~*~ (stealth).
  5177 | D:7      | 5177 ||| FLEEEEING.
  5178 | D:7      | 5178 ||| FLEEEEING.
  5179 | D:7      | 5179 ||| FLEEEEING.
  5180 | D:7      | 5180 ||| FLEEEEING.
  5181 | D:7      | 5181 ||| FLEEEEING.
  5182 | D:7      | 5182 ||| FLEEEEING.
  5183 | D:7      | 5183 ||| FLEEEEING.
  5184 | D:7      | 5184 ||| FLEEEEING.
  5185 | D:7      | 5185 ||| FLEEEEING.
  5186 | D:7      | 5186 ||| FLEEEEING.
  5187 | D:7      | 5187 ||| FLEEEEING.
  5188 | D:7      | 5188 ||| FLEEEEING.
  5189 | D:7      | 5189 ||| FLEEEEING.
  5190 | D:7      | 5190 ||| FLEEEEING.
  5191 | D:7      | 5191 ||| FLEEEEING.
  5192 | D:7      | 5192 ||| FLEEEEING.
  5193 | D:7      | 5193 ||| FLEEEEING.
  5194 | D:7      | 5194 ||| FLEEEEING.
  5195 | D:7      | 5195 ||| FLEEEEING.
  5196 | D:7      | 5196 ||| FLEEEEING.
  5197 | D:7      | 5197 ||| FLEEEEING.
  5198 | D:7      | 5198 ||| FLEEEEING.
  5199 | D:7      | 5199 ||| FLEEEEING.
  5200 | D:7      | 5200 ||| STAIRDANCE
  5232 | D:6      | 5232 ||| UPGRADING to ring of willpower.
  5235 | D:7      | 5235 ||| Stepping ~*~*~tactically~*~*~ (outnumbered).
  5237 | D:7      | 5237 ||| Stepping ~*~*~tactically~*~*~ (outnumbered).
  5238 | D:7      | 5238 ||| Stepping ~*~*~tactically~*~*~ (outnumbered).
  5239 | D:7      | 5239 ||| Stepping ~*~*~tactically~*~*~ (outnumbered).
  5243 | D:7      | 5243 ||| INVOKING Fiery Armour.
  5296 | D:7      | Found a burning altar of Makhleb.
  5296 | D:7      | Noticed a green death
  5330 | D:7      | 5330 ||| Stepping ~*~*~tactically~*~*~ (hiding).
  5354 | D:7      | 5354 ||| Stepping ~*~*~tactically~*~*~ (stealth).
  5364 | D:7      | 5364 ||| Stepping ~*~*~tactically~*~*~ (hiding).
  5385 | D:7      | Reached skill level 11 in Unarmed Combat
  5395 | D:7      | 5395 ||| Stepping ~*~*~tactically~*~*~ (stealth).
  5404 | D:7      | Found a glowing silver altar of Zin.
  5406 | D:7      | 5406 ||| Stepping ~*~*~tactically~*~*~ (outnumbered).
  5407 | D:7      | 5407 ||| Stepping ~*~*~tactically~*~*~ (outnumbered).
  5408 | D:7      | 5408 ||| Stepping ~*~*~tactically~*~*~ (outnumbered).
  5455 | D:7      | 5455 ||| Stepping ~*~*~tactically~*~*~ (stealth).
  5493 | D:7      | Found Lancelot's Dragon-Slaying Spoils.
  5500 | D:7      | 5500 ||| SHOPLISTING +0 acid dragon scales (560 gold, have
                  | 309).
  5500 | D:7      | 5500 ||| SHOPLISTING +0 gold dragon scales (1120 gold, have
                  | 309).
  5500 | D:7      | 5500 ||| SHOPLISTING +0 ice dragon scales (840 gold, have
                  | 309).
  5500 | D:7      | 5500 ||| SHOPLISTING +0 storm dragon scales (1120 gold,
                  | have 309).
  5500 | D:7      | 5500 ||| SHOPLISTING +0 swamp dragon scales (700 gold, have
                  | 309).
  5500 | D:7      | 5500 ||| SHOPLISTING +1 shadow dragon scales (1218 gold,
                  | have 309).
  5500 | D:7      | 5500 ||| SHOPLISTING +2 fire dragon scales (1008 gold, have
                  | 309).
  5500 | D:7      | 5500 ||| SHOPLISTING +2 pearl dragon scales (1517 gold,
                  | have 309).
  5500 | D:7      | 5500 ||| SHOPLISTING +2 steam dragon scales "Ustan" {Fly
                  | rC+ rCorr Str-5} (856 gold, have 309).
  5500 | D:7      | 5500 ||| SHOPLISTING quicksilver dragon scales (840 gold,
                  | have 309).
  5679 | D:7      | 5679 ||| UPGRADING to amulet of regeneration.
  5684 | D:7      | 5684 ||| UPGRADING to +4 ring of slaying {mikee}.
  5686 | D:7      | 5686 ||| UPGRADING to ring of protection from cold.
  5721 | D:8      | 5721 ||| Stepping ~*~*~tactically~*~*~ (hiding).
  5723 | D:8      | Found an opulent altar of Gozag.
  5764 | D:8      | Found a stormy altar of Qazlal.
  5872 | D:8      | 5872 ||| Stepping ~*~*~tactically~*~*~ (stealth).
  5901 | D:8      | 5901 ||| Stepping ~*~*~tactically~*~*~ (stealth).
  5925 | D:8      | 5925 ||| Stepping ~*~*~tactically~*~*~ (stealth).
  5934 | D:8      | 5934 ||| Stepping ~*~*~tactically~*~*~ (stealth).
  6114 | D:8      | 6114 ||| Stepping ~*~*~tactically~*~*~ (stealth).
  6115 | D:8      | 6115 ||| Stepping ~*~*~tactically~*~*~ (hiding).
  6125 | D:8      | Reached skill level 12 in Unarmed Combat
  6128 | D:8      | 6128 ||| FLEEEEING.
  6136 | D:8      | 6136 ||| Stepping ~*~*~tactically~*~*~ (hiding).
  6137 | D:8      | 6137 ||| Stepping ~*~*~tactically~*~*~ (hiding).
  6782 | D:7      | 6782 ||| READING 3 scrolls of teleportation.
  6843 | D:7      | Found a hazy altar of Hepliaklqana.
  6844 | D:7      | 6844 ||| READING 2 scrolls of teleportation.
  6951 | D:9      | Found Bull's Neck Hole.
  6960 | D:9      | 6960 ||| BUYING +0 cloak (67 gold).
  6960 | D:9      | Bought a +0 cloak for 67 gold pieces
  6960 | D:9      | 6960 ||| BUYING +2 cloak (247 gold).
  6960 | D:9      | Bought a +2 cloak for 247 gold pieces
  6960 | D:9      | 6960 ||| SHOPLISTING scarf of resistance (480 gold, have
                  | 163).
  7096 | D:9      | 7096 ||| Stepping ~*~*~tactically~*~*~ (stealth).
  7109 | D:9      | Noticed a troll
  7118 | D:9      | Killed a troll
  7292 | D:9      | 7292 ||| INVOKING Fiery Armour.
  7311 | D:9      | Reached skill level 13 in Unarmed Combat
  7311 | D:9      | Reached XP level 10. HP: 71/96 MP: 10/10
  7327 | D:9      | Noticed a wizard
  7328 | D:9      | Noticed a tengu warrior
  7328 | D:9      | Noticed a two-headed ogre
  7330 | Abyss:2  | Cast into level 2 of the Abyss (a wizard)
  7363 | Abyss:2  | 7363 ||| Stepping ~*~*~tactically~*~*~ (stealth).
  7412 | Abyss:2  | Noticed a hell hog
  7413 | Abyss:2  | Noticed a hell hog
  7414 | Abyss:2  | Noticed a wretched star
  7417 | Abyss:2  | Noticed a hell hog
  7420 | Abyss:2  | Killed a hell hog
  7420 | Abyss:2  | Noticed a hell hog
  7422 | Abyss:2  | 7422 ||| INVOKING Fiery Armour.
  7424 | Abyss:2  | HP: 22/96 [hell hog/fireball (14)]
  7425 | Abyss:2  | 7425 ||| READING scroll of teleportation.
  7425 | Abyss:2  | HP: 10/96 [hell hog (6)]
  7425 | Abyss:2  | HP: 1/96 [hell hog (4)]
  7426 | Abyss:2  | 7426 ||| DRINKING 4 potions of heal wounds.
  7426 | Abyss:2  | Mangled by a hell hog

Levels and vault maps discovered:
D:1:      saegor_arrival_simple_b, layout_basic, minmay_tetromino_o2
D:2:      layout_basic, serial_shops, nicolae_shop_crystal,
          ebering_ecumenical_altar_rust, uniq_jessica, uniq_robin
D:3:      layout_loops_ring, mainiacjoe_overflow_boulevard,
          mainiacjoe_overflow_catwalk
D:4:      layout_layer_cave, lemuel_tele_altar, mainiacjoe_overflow_alcove_4,
          lemuel_temple_firewalk_b, serial_shops, nicolae_shop_hallway_plus
D:5:      layout_cave_pods, lemuel_doored_altar, marbit_many_paths
D:6:      layout_cave_pools
D:7:      layout_rooms, tso_oasis_becter, nicolae_overflow_hidden_temple,
          overflow_temple_1_default, makhleb_altar_promises_db,
          minmay_misc_feat_tiny, nicolae_shop_dragon_depot, nrook_mini_vaults
D:8:      layout_loops_corners, mainiacjoe_overflow_six_doors_small,
          nicolae_overflow_crystal_walls
D:9:      minmay_the_grid_square_5x5_3x3
          [minmay_the_grid_square_5x5_fancy_junction,
          minmay_the_grid_square_5x5_checkered_statues,
          minmay_the_grid_square_5x5_checkered,
          minmay_the_grid_square_5x5_minivault,
          minmay_the_grid_square_5x5_megaprize_crossed,
          minmay_the_grid_square_5x5_six_small,
          minmay_the_grid_square_5x5_gyroscope,
          minmay_the_grid_square_5x5_shrine2,
          minmay_the_grid_square_5x5_sharp_hourglass], layout_basic,
          nicolae_shop_sticking_my_neck_out
Abyss:2:  base: D:4, evilmike_abyss_exit_1

Skill      XL: |  1  2  3  4  5  6  7  8  9 |
---------------+----------------------------+-----
Unarmed Combat | 4 6 8 9 10 13 | 13.8
Fighting       | 3 4 5 |  5.0
Throwing       | 1 2 |  2.4
Dodging        | 1 |  1.2
Armour         | 1 |  1.1
Spellcasting   | |  1.0
Fire Magic     | |  2.1

Action                   |  1- 3 |  4- 6 |  7- 9 | 10-12 || total
-------------------------+-------+-------+-------+-------++-------
Melee: Unarmed           |    80 |   111 |   210 |    21 ||   422
       Punch             |       |     5 |    10 |     2 ||    17
Throw: Boomerang         |       |       |    77 |       ||    77
       Javelin           |       |       |     9 |       ||     9
Invok: Fiery Armour      |       |       |     4 |     1 ||     5
  Use: Scroll            |     4 |     6 |     4 |     1 ||    15
       Potion            |       |     3 |     2 |     1 ||     6
Armor: Robe              |    25 |    19 |    28 |       ||    72
       Steam dragon scal |       |       |    37 |    11 ||    48
Dodge: Dodged            |    26 |    28 |    86 |     5 ||   145

Table legend:
 A = Non-vault XP
 B = Vault XP
 C = Vault XP percentage of total XP
 D = Non-vault monster count
 E = Vault monster count
 F = Vault count percentage of total count
                 A         B        C        D         E       F
            +---------+---------+-------+---------+---------+-------
      Total |    6552 |     513 |   7.3 |     162 |      14 |   8.0
            +---------+---------+-------+---------+---------+-------
        D:1 |      33 |       2 |   5.7 |      17 |       1 |   5.6
        D:2 |      32 |      63 |  66.3 |      17 |       8 |  32.0
        D:3 |      52 |       0 |   0.0 |      12 |       0 |   0.0
        D:4 |     543 |       0 |   0.0 |      19 |       0 |   0.0
        D:5 |     690 |       3 |   0.4 |      20 |       1 |   4.8
        D:6 |     751 |       0 |   0.0 |      15 |       0 |   0.0
        D:7 |    1248 |       0 |   0.0 |      28 |       0 |   0.0
        D:8 |    1140 |       0 |   0.0 |      26 |       0 |   0.0
        D:9 |     545 |     445 |  44.9 |       4 |       4 |  50.0
    Abyss:2 |    1518 |       0 |   0.0 |       4 |       0 |   0.0
            +---------+---------+-------+---------+---------+-------
